 Dungeon Crawl Stone Soup version 0.31.0-11-ge490571c62 (webtiles) character file.

Game seed: 8068689362583636519

215 CraigForest the Poker (level 5, -2/42 HPs)
             Began as a Merfolk Fighter on Feb 4, 2024.
             Was an Initiate of Ru.
             Slain by a mummy (11 damage)
             ... in an ossuary.
             The game lasted 00:09:44 (2908 turns).

CraigForest the Poker (Merfolk Fighter)             Turns: 2908, Time: 00:09:45

Health: -2/42      AC:  5    Str: 18    XL:     5   Next: 92%
Magic:  5/5        EV: 11    Int:  8    God:    Ru [......]
Gold:   216        SH:  5    Dex: 17    Spells: 4/4 levels left

rFire   . . .        o - +7 dagger of the Growing Ancients {drain, Dex+4}
rCold   . . .        c - +0 buckler
rNeg    . . .        f - +0 ring mail
rPois   .            (no helmet)
rElec   .            (no cloak)
rCorr   .            (no gloves)
SInv    .            (no boots)
Will    .....        (no amulet)
Stlth   +            (no ring)
HPRegen 0.27/turn    (no ring)
MPRegen 0.09/turn

%: no passive effects
@: no status effects
A: (nimble swimmer 2), mertail
a: Renounce Religion, Sacrifice Durability, Sacrifice an Eye, Sacrifice Stealth,
Reject Sacrifices


You were in an ossuary.
You worshipped Ru.
Ru was noncommittal.
You visited 1 branch of the dungeon, and saw 4 of its levels.
You also visited: Ossuary.

You collected 216 gold pieces.

Inventory:

Hand Weapons
 a - a +0 trident
 o - the +7 dagger of the Growing Ancients (weapon) {drain, Dex+4}
   (You found it on level 3 of the Dungeon)

   Dex+4:     It affects your dexterity (+4).
 p - a +0 rapier of venom
Armour
 b - a +0 scale mail
 c - a +0 buckler (worn)
 f - a +0 ring mail (worn)
 i - a +0 chain mail
Magical Staves
 m - a staff of cold
Jewellery
 l - an amulet of faith
Talismans
 g - a serpent talisman
Scrolls
 e - 2 scrolls of identify
 j - a scroll of immolation
 k - a scroll of poison
 q - a scroll of revelation {unknown}
 s - a scroll of teleportation {unknown}
Potions
 d - a potion of might
 h - 2 potions of curing
 n - a potion of enlightenment
 r - a potion of ambrosia {unknown}


   Skills:
 + Level 4.0 Fighting
 * Level 2.4 Short Blades
 - Level 4.3 Polearms
 + Level 2.9 Armour
 * Level 2.7 Dodging
 + Level 3.4 Shields


You had 4 spell levels left.
You didn't know any spells.
Your spell library was empty.

Dungeon Overview and Level Annotations

Branches:
Dungeon (4/15)            Ossuary (1/1)
 Temple: D:4-7

Altars:
Ru


Innate Abilities, Weirdness & Mutations

((You are very nimble when in or above water. (Stealth+, EV+, Speed+++)))
Your lower body shifts to a powerful aquatic tail in water.


Message History

The centaur zombie closely misses you. The centaur zombie kicks you.
* * * LOW HITPOINT WARNING * * *
You puncture the centaur zombie!
The centaur zombie is severely damaged.
You block the centaur zombie's attack.
The centaur zombie kicks you but does no damage.
You hit the centaur zombie.
The centaur zombie is almost destroyed.
The centaur zombie barely misses you. x2
You hit the mummy.
The mummy is lightly damaged.
You hit the mummy.
The mummy is moderately damaged.
You closely miss the mummy.
The mummy is moderately damaged.
The mummy hits you but does no damage.
You hit the mummy.
The mummy is heavily damaged.
You puncture the mummy!
The mummy is almost destroyed.
You block the centaur zombie's attack.
The centaur zombie completely misses you.
You block the mummy's attack.
There is an open door here.
The mummy hits you!
* * * LOW HITPOINT WARNING * * *
You hit the mummy.
You destroy the mummy!
You feel better. The mummy barely misses you.
You hit the mummy.
The mummy is moderately damaged.
You hit the mummy.
The mummy is moderately damaged.
The mummy closely misses you.
You puncture the mummy!
The mummy is severely damaged.
You hit the mummy but do no damage.
The mummy is severely damaged.
You block the mummy's attack. The mummy hits you!
You die...

##########################
#∩........................
#.........................
#..###'###'###'###'###+###
#..#...#...#...#.M.#
#..#.########'##@#### ###
#..#.# #....#MMM.# ...+
#..### #....#Z...#....#
#..+ #....#....#....# #..#
#....#.........#
#....#...'..####
..............#
..............+
....!?!........#


You could see 4 mummies and a centaur zombie.

Vanquished Creatures
  A bombardier beetle (D:4)
  2 centaur zombies (Ossuary)
  A mummy (Ossuary)
  An adder (D:3)
  An adder zombie (Ossuary)
  3 dart slugs
  A ribbon worm (D:2)
  10 orcs
  8 ball pythons
  7 bats
  6 endoplasms
  A giant cockroach (D:2)
  3 goblins
  7 hobgoblins
  3 quokkas
  5 frilled lizards
  A goblin zombie (Ossuary)
  5 kobolds
  A kobold zombie (Ossuary)
  A quokka zombie (Ossuary)
  8 rats
  A rat zombie (Ossuary)
77 creatures vanquished.

Notes
Turn   | Place    | Note
-------+----------+-------------------------------------------
     0 | D:1      | CraigForest the Merfolk Fighter began the quest for the
                  | Orb.
     0 | D:1      | Reached XP level 1. HP: 18/18 MP: 1/1
    89 | D:1      | Reached XP level 2. HP: 22/24 MP: 2/2
   241 | D:1      | Reached skill level 1 in Dodging
   466 | D:1      | Reached XP level 3. HP: 29/29 MP: 3/3
  1582 | D:3      | Found a faded altar of an unknown god.
  1594 | D:3      | Prayed at the altar of an unknown god.
  1594 | D:3      | Became a worshipper of Ru the Awakened
  1614 | D:3      | Reached XP level 4. HP: 35/37 MP: 4/4
  1891 | D:3      | Identified the +7 dagger of the Growing Ancients {drain,
                  | Dex+4}
  2429 | D:4      | Reached skill level 1 in Short Blades
  2429 | D:4      | Reached XP level 5. HP: 20/42 MP: 5/5
  2780 | D:4      | Found a sand-covered staircase.
  2787 | Ossuary  | Entered an ossuary
  2901 | Ossuary  | HP: 2/42 [mummy (10)]
  2908 | Ossuary  | Slain by a mummy

Illustrated notes

Levels and vault maps discovered:
D:1:      lightli_iron_boxes, layout_loops_ring, hex_medium,
          minmay_close_crescents
D:2:      layout_loops_corners
D:3:      layout_loops_cross, ebering_ecumenical_altar_ruins
D:4:      layout_loops_corners, lightli_temple_of_fire,
          nicolae_ossuary_entry_monument
Ossuary:  ossuary_boxes_badplayer

Skill      XL: |  1  2  3  4  5 |
---------------+----------------+-----
Dodging        | 1 2 |  2.7
Polearms       | 3 4 |  4.3
Short Blades   | 1 2 |  2.4
Fighting       | 4 |  4.0
Armour         | |  2.9
Shields        | |  3.4

Action                     |  1- 3 |  4- 6 || total
---------------------------+-------+-------++-------
  Melee: Trident           |   109 |    12 ||   121
         Dagger            |       |    74 ||    74
    Use: Scroll            |     1 |     4 ||     5
         Potion            |       |     2 ||     2
 Armour: Scale mail        |     8 |       ||     8
         Skin              |     2 |       ||     2
         Ring mail         |    39 |    62 ||   101
  Dodge: Dodged            |    31 |    43 ||    74
  Block: Buckler           |    18 |    31 ||    49
